 Dungeon Crawl Stone Soup version 0.20.1-1-g8b1a95d (webtiles) character file.

959 Savaroth the Skirmisher (level 7, -7/64 HPs)
             Began as a Minotaur Berserker on Aug 6, 2017.
             Was an Elder of Trog.
             Mangled by a hornet (14 damage)
             ... on level 6 of the Dungeon.
             The game lasted 00:10:57 (4902 turns).

Savaroth the Skirmisher (Minotaur Berserker)        Turns: 4902, Time: 00:10:58

Health: -7/64      AC:  8    Str: 24    XL:     7   Next: 92%
Magic:  6/6        EV: 12    Int:  4    God:    Trog [****..]
Gold:   231        SH:  0    Dex:  9    Spells: 6/6 levels left

rFire    . . .     SeeInvis .   a - +0 hand axe
rCold    . . .     Gourm    .   (no shield)
rNeg     . . .     Faith    .   x - +0 scale mail
rPois    .         Spirit   .   (helmet restricted)
rElec    .         Reflect  .   (no cloak)
rCorr    .         Harm     .   r - +0 pair of gloves
MR       .....                  (no boots)
Stlth    ..........             (no amulet)
Regen    0.2/turn               (no ring)
MPRegen  0.1/turn               (no ring)

@: lethally poisoned (-7 -> -19), slowed, very slow
A: retaliatory headbutt, horns 2
a: Berserk, Trog's Hand, Brothers in Arms, Burn Spellbooks, Renounce Religion


You were on level 6 of the Dungeon.
You worshipped Trog.
Trog was greatly pleased with you.
You were not hungry.

You visited 1 branch of the dungeon, and saw 6 of its levels.
You also visited: Sewer.

You collected 231 gold pieces.

Inventory:

Hand Weapons
 a - a +0 hand axe (weapon)
Armour
 r - a +0 pair of gloves (worn)
 x - a +0 scale mail (worn)
Wands
 B - a wand of flame (38/48)
 E - a wand of random effects (24/48)
Scrolls
 b - 3 scrolls of blinking {unknown}
 d - 2 scrolls of enchant weapon {unknown}
 e - 2 scrolls of immolation {unknown}
 f - 2 scrolls of magic mapping {unknown}
 h - 5 scrolls of remove curse {unknown}
 k - a scroll of fear {unknown}
 n - a scroll of identify {unknown}
 o - 6 scrolls of teleportation {unknown}
 p - 2 scrolls of enchant armour {unknown}
 u - a scroll of noise {unknown}
 y - a scroll of acquirement {unknown}
 D - a scroll of torment {unknown}
Potions
 j - a potion of resistance {unknown}
 l - 2 potions of curing
 m - a potion of degeneration {unknown}
 s - 2 potions of heal wounds
 t - a potion of invisibility {unknown}
 v - a potion of lignification
 w - a potion of magic {unknown}
 z - 3 potions of haste
 A - a potion of flight {unknown}
Comestibles
 c - 6 bread rations
 g - 3 royal jellies
 i - 5 fruits
 q - 2 meat rations
 C - 2 chunks of flesh


   Skills:
 + Level 6.4 Fighting
 + Level 6.4 Axes
 + Level 6.0 Armour
 + Level 5.5 Dodging


You had 6 spell levels left.
You didn't know any spells.

Dungeon Overview and Level Annotations

Branches:
Dungeon (6/15)
 Temple: D:4-7

Altars:
Makhleb
Okawaru
Qazlal
Ru

Shops:
D:4 :   D:5 }


Innate Abilities, Weirdness & Mutations

You reflexively headbutt those who attack you in melee.
You have a pair of horns on your head.


Message History

You feel very sick.
The hornet stings you but does no damage.
The hornet closely misses you.
You barely miss the hornet.
The hornet is almost dead.
You feel yourself speed up.
You feel very sick. The hornet closely misses you. The hornet misses you.
You miss the hornet.
The hornet is almost dead.
You feel sick.
The hornet stings you but does no damage.
The hornet stings you!
You feel yourself slow down.
You closely miss the hornet.
The hornet is almost dead.
You feel sick. The hornet stings you!
* * * LOW HITPOINT WARNING * * *
You feel as though you will be slow longer.
The hornet stings you!
You die...

#. #.# .. #.# #####.###
. #.# #..>..y.. .. #.#
#y# #. #.# #.# #@# # # .
.##.# ##.###.##.... #
#.##...##............#
###.#.#.#....###.##....#
#......................#
#.#.#.#.#..#####.### #.#
....##...#.# #.# #
#.#####.##.# #.# #.#
#.##<# #.#


You could see a hornet.

Vanquished Creatures
  Edmund (D:5)
  3 ogres (D:5)
  A bullfrog (Sewer)
  A scorpion (D:5)
  A hound (D:3)
  An orc priest (D:5)
  An orc wizard (D:5)
  An iguana (D:5)
  3 worker ants (D:4)
  9 adders
  A shadow imp (D:5)
  10 oozes
  An adder skeleton (D:6)
  3 worms (D:2)
  2 dart slugs (D:1)
  8 leopard geckos
  7 orcs
  20 giant cockroaches
  5 goblins
  5 hobgoblins
  8 jackals
  5 kobolds
  4 quokkas
  10 ball pythons
  3 bats
  15 frilled lizards (Sewer)
  A jackal zombie (D:5)
  7 rats
137 creatures vanquished.

Notes
Turn   | Place    | Note
-------+----------+-------------------------------------------
     0 | D:1      | Savaroth the Minotaur Berserker began the quest for the Orb.
     0 | D:1      | Reached XP level 1. HP: 19/19 MP: 0/0
   303 | D:1      | Reached XP level 2. HP: 22/26 MP: 1/1
   841 | D:2      | Reached XP level 3. HP: 26/33 MP: 2/2
   947 | D:2      | Reached ** piety under Trog
   950 | D:2      | Found a sacrificial altar of Ru.
  1444 | D:2      | Reached XP level 4. HP: 38/40 MP: 3/3
  1582 | D:3      | Found a stormy altar of Qazlal.
  1634 | D:3      | Found a faded altar of an unknown god.
  1808 | D:3      | Found a burning altar of Makhleb.
  1919 | D:3      | Reached XP level 5. HP: 47/47 MP: 4/4
  2426 | D:4      | Found a glowing drain.
  2442 | D:4      | Reached skill level 5 in Fighting
  2509 | Sewer    | Entered a sewer
  2511 | Sewer    | Reached *** piety under Trog
  2517 | Sewer    | Reached skill level 5 in Axes
  2709 | Sewer    | Reached XP level 6. HP: 56/56 MP: 5/5
  2823 | Sewer    | Reached **** piety under Trog
  2879 | D:4      | Found Nujuhogh's Book Shoppe.
  3398 | D:5      | Entered Level 5 of the Dungeon
  3453 | D:5      | Reached skill level 5 in Armour
  3712 | D:5      | Reached XP level 7. HP: 61/62 MP: 6/6
  3876 | D:5      | Found Nonefihu's Gadget Boutique.
  3880 | D:5      | Noticed Edmund
  3892 | D:5      | Killed Edmund
  3980 | D:5      | Reached skill level 5 in Dodging
  4072 | D:5      | Found an iron altar of Okawaru.
  4889 | D:6      | Noticed a hornet
  4895 | D:6      | Paralysed by a hornet for 2 turns
  4902 | D:6      | Mangled by a hornet

Skill      XL: |  1  2  3  4  5  6  7 |
---------------+----------------------+-----
Axes           | 4 5 6 |  6.4
Fighting       | 4 5 6 |  6.4
Armour         | 3 4 5 6 |  6.0
Dodging        | 3 4 5 |  5.5

Action                   |  1- 3 |  4- 6 |  7- 9 || total
-------------------------+-------+-------+-------++-------
Melee: Hand axe          |    87 |   182 |    62 ||   331
       Headbutt          |    11 |    30 |    10 ||    51
Invok: Berserk           |       |       |     2 ||     2
  Use: Potion            |       |       |     3 ||     3
  Eat: Chunk             |     1 |     8 |     6 ||    15
Armor: Animal skin       |     6 |       |       ||     6
       Ring mail         |    11 |    27 |       ||    38
       Scale mail        |       |    62 |    15 ||    77
Dodge: Dodged            |    45 |   122 |    48 ||   215
